[Event "Late-Titled-Tuesday-Blitz-April-30-2024"]
[Site "Chess.com"]
[Date "2024.04.30"]
[Round "3"]
[White "carokannlover213"]
[Black "amintabatabaei"]
[Result "0-1"]
[WhiteElo "2780"]
[BlackElo "3110"]
[TimeControl "180+1"]
[EndTime "14:30:09 PDT"]
[Termination "amintabatabaei won by checkmate"]

1. e4 c5 2. Nf3 d6 3. d4 cxd4 4.
Nxd4 Nf6 5. f3 Nc6 6. Nc3 e5 7.
Nb3 Be7 8. Be3 O-O 9. Qd2 Be6 10. O-O-O a5 11. Bb5 Qb8 12. a3 Na7 13. Bxa7 Qxa7 14. a4 Rfd8 15. Qe2 Rac8 16. Nd5 Nxd5 17. exd5 Bf5 18.
Bd3 Bd7 19. Kb1 Qb6 20. g4 Qb4 21. Bb5 Bxb5 22. Qxb5 Qxb5 23. axb5 a4 24. Nd2 Rc5 25. c4 Rdc8 26. h4 g6 27. g5 h6 28. gxh6 Kh7 29. h5 g5 30. Kc2 Rxd5 31. Ra1 Rxb5 32. Rxa4 d5 33. Re1 f6 34. Kb1 dxc4 35. Nxc4 Kxh6 36. Ne3 Kxh5 37. Nf5 Bf8 38. Rg4 Rc3 39. Nh4 Rxf3 40. Nxf3 Kxg4 41. Nd2 Kf5 42. Ne4 Kg6 43.
Ng3 f5 44. Ne2 e4 45. Nc1 Bg7 46. b3 g4 47. Rd1 g3 48. Rd6+ Kg5 49. Rd7 Bf6 50.
Rd2 f4 51. Ne2 g2 52. Ng1 f3 53. b4 Rxb4+ 54. Ka2 Rb2+ 55. Ka3 Rxd2 56. Nh3+ Kf5 57.
Kb3 e3 58. Nf2 exf2 59. Ka4 f1=Q 60. Kb3 Qb1+ 61. Ka3 Ra2# 0-1

[Event "Late-Titled-Tuesday-Blitz-April-30-2024"]
[Site "Chess.com"]
[Date "2024.04.30"]
[Round "3"]
[White "Sanan_Sjugirov"]
[Black "attack2mateU"]
[Result "1-0"]
[WhiteElo "3010"]
[BlackElo "2705"]
[TimeControl "180+1"]
[EndTime "14:30:10 PDT"]
[Termination "Sanan_Sjugirov won by resignation"]

1. e4 c5 2. Nc3 d6 3. Nge2 Nf6 4. g3 g6 5. Bg2 Bg7 6. O-O Nc6 7. d3 O-O 8. h3 Rb8 9. a4 a6 10. f4 Nd7 11. g4 e6 12. f5 b5 13. axb5 axb5 14. Ng3 Qh4 15. Nce2 Be5 16. Bf4 Bxf4 17. Rxf4 g5 18.
Rf2 Nf6 19. Qd2 Ne5 20. fxe6 fxe6 21. Raf1 Ned7 22. d4 Bb7 23. dxc5 dxc5 24. Qd6 Rbe8 25. e5 Bxg2 26. Kxg2 Nd5 27. Qxd7 Ne3+ 28. Kg1 Nxf1 29. Rxf1 Qxh3 30. Rxf8+ Kxf8 31. Qd6+ Re7 32. Qd8+ Kf7 33.
Qh8 Qxg4 34. Qxh7+ Ke8 35. Qd3 c4 36. Qd6 Rd7 37.
Qb8+ Kf7 38. Qh8 Rd1+ 39. Kg2 Ke7 40. Qg7+ Kd8 41. Qf8+ Kd7 42. Qf7+ Kc6 43. Qe8+ Kc7 44. Qe7+ Rd7 45. Qc5+ Kd8 46. Qxb5 Ke7 47. Qc5+ Ke8 48. Qc8+ Ke7 49. Qc5+ Ke8 50. Qc6 Ke7 51. b3 cxb3 52. cxb3 Qb4 53. Qf3 Rb7 54. Qf6+ Kd7 55. Qf7+ Qe7 56.
Qf3 Qb4 57. Ne4 Kc8 58. Nd6+ 1-0

[Event "Late-Titled-Tuesday-Blitz-April-30-2024"]
[Site "Chess.com"]
[Date "2024.04.30"]
[Round "3"]
[White "karinachess1"]
[Black "Kombinator01"]
[Result "1-0"]
[WhiteElo "2609"]
[BlackElo "2385"]
[TimeControl "180+1"]
[EndTime "14:30:10 PDT"]
[Termination "karinachess1 won by resignation"]

1. d4 Nf6 2. c4 g6 3. Nc3 d6 4. Nf3 Bg7 5. g3 O-O 6. Bg2 c5 7. O-O cxd4 8. Nxd4 Nc6 9. Nc2 Be6 10.
Ne3 Qa5 11. Ncd5 Bxd5 12. cxd5 Ne5 13. Bd2 Qb6 14. Bc3 Nfd7 15. Bd4 Qa5 16. f4 f5 17.
fxe5 dxe5 18. Bc3 Qb6 19. Qd3 Bh6 20. Bd2 f4 21. gxf4 exf4 22. Bh3 fxe3 23. Be6+ Kg7 24.
Bc3+ Nf6 25. Rf3 Rad8 26. Raf1 Qxe6 27. dxe6 Rxd3 28. exd3 Bg5 29. Bd4 e2 30. Re1 Rd8 31.
Bxf6+ Bxf6 32. Rxe2 Rd6 33. Kg2 g5 34. h3 Kg6 35. b3 h5 36. Re4 Rc6 37. Rf2 Rc3 38. Rd2 Rc6 39. d4 Kf5 40. Re3 Rd6 41. d5 g4 42. Rf2+ Kg6 43. Rd3 Kg5 44. Rc2 Be5 45.
Rc8 Ra6 46. a4 Rb6 47. Rg8+ Kf5 48. a5 Rb5 49. d6 gxh3+ 50. Kxh3 Kxe6 51. d7 Bc7 52. d8=Q Bxd8 53. Rgxd8 Rxa5 54. R8d4 Kf5 55. Rd5+ Rxd5 56.
Rxd5+ e5 57. Rd7 e4 58. Rxb7 Ke6 59. Rxa7 e3 60. Kg3 1-0

[Event "Late-Titled-Tuesday-Blitz-April-30-2024"]
[Site "Chess.com"]
[Date "2024.04.30"]
[Round "3"]
[White "Cipy77"]
[Black "KVAIDAN"]
[Result "1-0"]
[WhiteElo "2579"]
[BlackElo "2351"]
[TimeControl "180+1"]
[EndTime "14:30:10 PDT"]
[Termination "Cipy77 won on time"]

1. d3 e6 2. Nf3 b6 3. g3 Bb7 4. Bg2 f5 5. O-O Nf6 6. Nc3 Be7 7. Re1 d6 8. e4 fxe4 9. dxe4 e5 10. Ng5 O-O 11. Ne6 Qd7 12. Nxf8 Bxf8 13. Be3 Nc6 14. Nd5 Be7 15. Nxf6+ Bxf6 16. c3 Nd8 17. Qd2 Qe7 18.
Rad1 Ne6 19. a4 a5 20. f3 Qe8 21. Qc2 Bc6 22. b3 Nc5 23. Bf1 Kh8 24. Bc4 Rb8 25. Bd5 Bd7 26. Bxc5 bxc5 27. Qd2 Qh5 28. Qe2 Qh6 29.
Bc4 Qg6 30. Bb5 Be6 31. Bc4 Bd7 32. Rb1 h5 33. Kh1 h4 34. gxh4 Bxh4 35. Rg1 Qh6 36.
Qg2 Be8 37. Qg4 Bh5 38. Qh3 Rf8 39. Rbf1 g5 40. Be6 Rf4 41. Bg4 Bf7 42. Qg2 Bxb3 43.
Qb2 Bc4 44. Rb1 Rf8 45. Qd2 Bf7 46. Rb7 Bh5 47. Rxc7 Bxg4 48. fxg4 Bf2 49. Rf1 Qh4 50. Qe2 Rf4 51. Rc8+ 1-0

[Event "Late-Titled-Tuesday-Blitz-April-30-2024"]
[Site "Chess.com"]
[Date "2024.04.30"]
[Round "3"]
[White "Indefatigable11"]
[Black "Synctel"]
[Result "1-0"]
[WhiteElo "2371"]
[BlackElo "2014"]
[TimeControl "180+1"]
[EndTime "14:30:10 PDT"]
[Termination "Indefatigable11 won by resignation"]

1. Nf3 Nf6 2. g3 d5 3. Bg2 c6 4.
c4 Bf5 5. O-O e6 6. d4 Be7 7. Nc3 h6 8. Ne5 Nbd7 9. f4 O-O 10.
h3 Bh7 11. a4 a5 12. b3 Bb4 13. Bb2 Bxc3 14. Bxc3 Be4 15. e3 Bxg2 16. Kxg2 Ne4 17.
Bb2 f5 18. g4 Nxe5 19. fxe5 Qh4 20. Qf3 Nd2 21. Qf4 Nxf1 22. Rxf1 fxg4 23. Qxg4 Qxg4+ 24. hxg4 Rxf1 25. Kxf1 Rf8+ 26. Kg2 dxc4 27. bxc4 b5 28.
axb5 cxb5 29. c5 b4 30. e4 a4 31. d5 a3 32. Bc1 Ra8 33. d6 b3 34. Bxa3 Rxa3 35.
d7 Ra8 36. c6 b2 37. c7 b1=Q 38. c8=Q+ Rxc8 39. dxc8=Q+ Kh7 40. Qxe6 Qxe4+ 41. Kf2 Qf4+ 42.
Ke2 Qe4+ 43. Kd2 Qd4+ 44. Kc2 Qe4+ 45. Kc3 Qe3+ 46. Kc4 Qe4+ 47. Kc5 Qc2+ 48. Kd6 Qd3+ 49. Ke7 Qa3+ 50. Kf7 Qa7+ 51. Qe7 Qa4 52. Qe6 Qa7+ 53. Kf8 Qb8+ 54. Ke7 Qb7+ 55. Qd7 Qe4 56. Qf5+ Qxf5 57. gxf5 h5 58. Kf7 h4 59. e6 h3 60. e7 h2 61.
e8=Q h1=Q 62. Qg8+ Kh6 63. Qh8+ 1-0

[Event "Late-Titled-Tuesday-Blitz-April-30-2024"]
[Site "Chess.com"]
[Date "2024.04.30"]
[Round "3"]
[White "cristianserban1"]
[Black "GaiozNigalidze"]
[Result "0-1"]
[WhiteElo "2496"]
[BlackElo "2735"]
[TimeControl "180+1"]
[EndTime "14:30:12 PDT"]
[Termination "GaiozNigalidze won by resignation"]

1. d4 d6 2. e4 c6 3. c4 Qc7 4. Nc3 e5 5. d5 Nf6 6. Be2 Be7 7. Nf3 Bg4 8. O-O O-O 9. Ne1 Bxe2 10.
Qxe2 Nbd7 11. Nd3 a5 12. Be3 a4 13. Rac1 Qa5 14. Rfd1 Rfc8 15. Bd2 Qa6 16. dxc6 bxc6 17.
b3 axb3 18. axb3 Rcb8 19. Rb1 Bd8 20. Rdc1 Bb6 21. Nb4 Qb7 22. Nc2 Nc5 23. b4 Ne6 24.
c5 dxc5 25. bxc5 Nxc5 26. Be3 Qe7 27. Nb4 Rc8 28. f3 Ba7 29. Nd1 Nfd7 30. Nf2 Qe6 31. Ra1 Nb3 32. Rxa7 Rxa7 33. Rb1 Nd4 34. Bxd4 exd4 35.
Nfd3 c5 36. Nd5 c4 37. N3f4 Qe5 38. Rd1 d3 39. Qd2 Nc5 40. Qe3 Ra3 41. g3 h6 42. Ng2 Ra1 43. Rf1 Rxf1+ 44. Kxf1 Qa1+ 45. Kf2 Nb3 46. Ne7+ Kf8 47. Nxc8 Qb2+ 48. Kg1 d2 49. Qe2 Qc1+ 50. Kf2 d1=Q 51. Qxd1 Qxd1 52. Ne3 Qd2+ 53. Kg1 Qxe3+ 0-1

[Event "Late-Titled-Tuesday-Blitz-April-30-2024"]
[Site "Chess.com"]
[Date "2024.04.30"]
[Round "3"]
[White "canary2016"]
[Black "SandwichOSaumon"]
[Result "1-0"]
[WhiteElo "2195"]
[BlackElo "2393"]
[TimeControl "180+1"]
[EndTime "14:30:12 PDT"]
[Termination "canary2016 won on time"]

1. d4 Nf6 2. c4 c5 3. d5 b5 4. cxb5 a6 5. e3 g6 6. Nc3 Bg7 7. Nf3 O-O 8. Be2 Qa5 9. O-O d6 10. a4 axb5 11. Bxb5 Ba6 12. Qe2 Nbd7 13. Bd2 Rfb8 14.
Rfe1 Qb6 15. Qd1 Bxb5 16. Nxb5 Nxd5 17. Qc2 Nc7 18. Nxc7 Qxc7 19. Bc3 Nf6 20. Nd2 Qc6 21. Nc4 Nd5 22. Bxg7 Kxg7 23. Red1 Nb4 24. Qc3+ Kg8 25. a5 Ra6 26. Rdc1 Rba8 27. Nb6 R8a7 28. Qxb4 Qd7 29. Qb3 Qf5 30. Qc2 Qxc2 31. Rxc2 Rxa5 32. Rxa5 Rxa5 33. h3 Ra1+ 34. Kh2 Ra6 35. Nd5 e6 36. Nf4 Kg7 37. Rd2 Rb6 38. Kg1 d5 39. Kf1 c4 40. Ne2 Rb3 41.
Nc3 Kf6 42. Ke2 Ke5 43. Kd1 Kd6 44. Kc2 Kc5 45. Ne2 Rb7 46. e4 Rd7 47. exd5 exd5 48.
Nf4 d4 49. g3 d3+ 50. Kc1 Kd4 51. Ng2 Re7 52. Kd1 Rb7 53. Kc1 1-0

[Event "Late-Titled-Tuesday-Blitz-April-30-2024"]
[Site "Chess.com"]
[Date "2024.04.30"]
[Round "3"]
[White "albi1999"]
[Black "Atanejhad"]
[Result "1-0"]
[WhiteElo "2650"]
[BlackElo "2452"]
[TimeControl "180+1"]
[EndTime "14:30:18 PDT"]
[Termination "albi1999 won on time"]

1. d4 d5 2. c4 e6 3. Nc3 Nf6 4.
cxd5 exd5 5. Bg5 c6 6. e3 Be7 7. Bd3 h6 8. Bh4 Nbd7 9. Qc2 O-O 10. Nge2 Re8 11. O-O Ne4 12. Bxe7 Qxe7 13. Bxe4 dxe4 14.
a4 Nf6 15. a5 Bf5 16. Qb3 Rad8 17. Qa3 Qc7 18. Qc5 Ng4 19. Ng3 Bh7 20. Qxa7 f5 21.
Qb6 Qe7 22. h3 Nf6 23. a6 bxa6 24. Qxc6 Rb8 25. Rxa6 Rxb2 26. Rfa1 f4 27. Nd5 Nxd5 28. Qxd5+ Kh8 29. exf4 e3 30. fxe3 Qxe3+ 31. Kh2 Qxf4 32. Ra8 Rbb8 33. Rxb8 Rxb8 34. Ra8 Bg8 35. Rxb8 Qxb8 36. Qc5 Qd8 37. Qe5 Qd5 38. Qxd5 Bxd5 39. Ne2 Kg8 40. Nc3 Bb7 41. Kg3 Kf7 42. Kf2 Ke6 43.
g3 g5 44. Ke3 Kf5 45. Ne2 Bg2 46. Ng1 h5 47. Kf2 Bd5 48. Ke3 h4 49. gxh4 gxh4 50. Nf3 1-0

[Event "Late-Titled-Tuesday-Blitz-April-30-2024"]
[Site "Chess.com"]
[Date "2024.04.30"]
[Round "3"]
[White "Slovineanu"]
[Black "HipsterChess22"]
[Result "1/2-1/2"]
[WhiteElo "2465"]
[BlackElo "2192"]
[TimeControl "180+1"]
[EndTime "14:30:22 PDT"]
[Termination "Game drawn by repetition"]

1. d4 d5 2. Nf3 e6 3. c4 c6 4. e3 f5 5. Bd3 Nf6 6. O-O Bd6 7. b3 Qe7 8. Bb2 a5 9. Nc3 O-O 10. Ne5 Na6 11. a3 Nc5 12. dxc5 Bxe5 13. f4 Bxc3 14. Bxc3 Qxc5 15. Bd4 Qe7 16. Qd2 Ne4 17. Bxe4 fxe4 18. Qc3 Qf7 19. a4 Bd7 20. Bb6 Qf6 21. Bxa5 Qxc3 22.
Bxc3 dxc4 23. bxc4 c5 24. a5 Bc6 25. Rfd1 Rfd8 26.
Kf2 Kf7 27. Ke2 g6 28. g4 Ke7 29. h4 Rxd1 30. Rxd1 Ba4 31. Rd2 Bb3 32. g5 Bxc4+ 33. Kf2 Bd3 34. Rb2 Ba6 35. Bf6+ Kd7 36. Rb6 Rc8 37. Ke1 Rc6 38. Rb2 Kc8 39. Be5 Bd3 40. Kd2 Ra6 41. Bc3 Rc6 42. Kc1 Rd6 43. Rh2 b6 44. h5 bxa5 45. Bxa5 Ra6 46. Bc3 Rb6 47. hxg6 hxg6 48. Rh8+ Kd7 49. Rh7+ Kc6 50. Rg7 Rb1+ 51.
Kd2 Rf1 52. Rxg6 Rf2+ 53. Kd1 Rf1+ 54. Kd2 Rf2+ 55. Ke1 Rf1+ 56. Kd2 1/2-1/2

[Event "Late-Titled-Tuesday-Blitz-April-30-2024"]
[Site "Chess.com"]
[Date "2024.04.30"]
[Round "3"]
[White "TheMagician"]
[Black "PapaieDudu"]
[Result "0-1"]
[WhiteElo "2116"]
[BlackElo "2394"]
[TimeControl "180+1"]
[EndTime "14:30:22 PDT"]
[Termination "PapaieDudu won on time"]

1. c4 e6 2. d4 d5 3. e3 Nf6 4. Nf3 a6 5. cxd5 Nxd5 6. Nc3 c5 7. e4 Nxc3 8. bxc3 cxd4 9. cxd4 Bb4+ 10. Bd2 Bxd2+ 11.
Qxd2 O-O 12. a4 b6 13. Bd3 Bb7 14. O-O Nc6 15. Qb2 a5 16. Bb5 Nb4 17. Rfe1 Rc8 18. Rac1 Qf6 19. Rxc8 Rxc8 20. Rc1 Rd8 21. Qe2 Qf4 22. Re1 Rc8 23. h3 Nc2 24. g3 Qh6 25.
Rd1 Qxh3 26. Rc1 Qh6 27. Rxc2 Rf8 28. Rc7 Ba8 29. Ne5 Qf6 30. Nd7 Qe7 31. Nxf8 Qxc7 32.
Nxh7 Kxh7 33. e5 Qb7 34. Bd3+ Kg8 35. f3 Qxf3 36. Qxf3 Bxf3 37. Bb5 Bd1 38. Kf2 f6 39.
Ke3 Kf7 40. d5 exd5 41. Kd4 Ke6 42. exf6 gxf6 43. Bc6 Bf3 44. g4 Kd6 45. Bb7 Bd1 46.
Bxd5 Bxg4 47. Bc4 Bd7 48. Bb3 Bc6 49. Bd1 f5 50. Bc2 Be4 51. Bd1 Ke6 0-1

[Event "Late-Titled-Tuesday-Blitz-April-30-2024"]
[Site "Chess.com"]
[Date "2024.04.30"]
[Round "3"]
[White "MITerryble"]
[Black "Rodalquilar"]
[Result "1-0"]
[WhiteElo "3015"]
[BlackElo "2708"]
[TimeControl "180+1"]
[EndTime "14:30:23 PDT"]
[Termination "MITerryble won on time"]

1. d4 d5 2. Bg5 h6 3. Bh4 Bf5 4.
e3 c6 5. Bd3 Bxd3 6. Qxd3 Qb6 7. Nd2 Nd7 8. Ngf3 Ngf6 9. O-O e6 10. c4 Qa6 11. Rfb1 Be7 12. b4 dxc4 13. Nxc4 Nb6 14.
Nfd2 Nxc4 15. Nxc4 Qa4 16. a3 O-O 17. Rc1 Rfd8 18.
Nb2 Qb5 19. Qxb5 cxb5 20. Rc7 Nd5 21. Rxe7 Nxe7 22. Bxe7 Rdc8 23. Kf1 Rc2 24. Nd3 Rac8 25. Bd6 Rd2 26. Nc5 b6 27. Ne4 Rdc2 28. Ke1 Rb2 29. Bg3 Rcc2 30. Nd6 a6 31. h4 g5 32. hxg5 hxg5 33. Ne4 Ra2 34. Rxa2 Rxa2 35. Bc7 Rxa3 36.
Bxb6 Rb3 37. Ba5 g4 38. Nf6+ Kg7 39. Nxg4 f6 40. Nh2 Kg6 41. Nf3 Kf5 42. Ke2 Ra3 43.
Nd2 Ra2 44. f3 e5 45. g4+ Ke6 46. Kd3 Ra3+ 47. Ke4 Ra2 48. Nb3 exd4 49. Nxd4+ Kf7 50. f4 Ra1 51. Nc6 Rg1 52. Kf3 Rf1+ 53. Kg2 Re1 54. Kf2 Rc1 55. Nb8 Ke6 56. Nxa6 Kd5 57. Nc5 Kc4 58. Kf3 Kd5 59. Ne4 Rf1+ 60. Ke2 Rg1 61. Nxf6+ Kc4 62. g5 Ra1 63. Kf3 Ra2 64. Ng4 Kd3 65.
Ne5+ Kd2 66. g6 Ra3 67. g7 Rxe3+ 68. Kg4 Re1 69. Nf3+ Ke2 70. Nxe1 1-0

[Event "Late-Titled-Tuesday-Blitz-April-30-2024"]
[Site "Chess.com"]
[Date "2024.04.30"]
[Round "3"]
[White "Akhayan"]
[Black "Brown_Mamba24"]
[Result "1-0"]
[WhiteElo "2478"]
[BlackElo "2635"]
[TimeControl "180+1"]
[EndTime "14:30:24 PDT"]
[Termination "Akhayan won by resignation"]

1. e4 c5 2. Nf3 g6 3. Nc3 Nc6 4. Bc4 Bg7 5. O-O a6 6. Bd5 Nd4 7. d3 e6 8. Bb3 Ne7 9. Nxd4 cxd4 10. Ne2 d5 11. c3 dxc3 12. Nxc3 dxe4 13. dxe4 Qxd1 14.
Rxd1 b5 15. Bg5 Bb7 16. Rac1 Nc6 17. Nd5 exd5 18. Bxd5 Rc8 19. Bxc6+ Bxc6 20. Rxc6 O-O 21. Rxc8 Rxc8 22. b3 f6 23. Be3 Rc2 24. a4 bxa4 25.
bxa4 Ra2 26. h4 Rxa4 27. f3 Bf8 28. Rd8 Rc4 29. Ra8 Kf7 30. Rxa6 h5 31. Ra7+ Ke6 32.
Ra6+ Kf7 33. Bf4 f5 34. Ra7+ Ke6 35. exf5+ gxf5 36. Be3 f4 37. Bf2 Rc1+ 38. Kh2 Rc2 39. Ra6+ Kf5 40. Kg1 Bg7 41. Ra5+ Be5 42. Bd4 Rc1+ 43.
Kh2 Re1 44. Rxe5+ Rxe5 45. Bxe5 Kxe5 46. g3 fxg3+ 47. Kxg3 Kf5 48. Kh3 Kf4 49. Kg2 Ke5 50.
Kf1 Kf4 51. Kf2 Kf5 52. Ke3 Ke5 53. f4+ Kd5 54. Kd3 Kd6 55. Kd4 Ke6 56. Ke4 Kf6 57.
f5 Kf7 58. Ke5 Ke7 59. f6+ Kf8 60. Kf5 Kf7 61. Kg5 Ke6 62. Kg6 Ke5 63. f7 Kf4 64.
f8=Q+ Kg4 65. Qc8+ Kxh4 66. Qc4+ Kg3 67. Kxh5 1-0

[Event "Late-Titled-Tuesday-Blitz-April-30-2024"]
[Site "Chess.com"]
[Date "2024.04.30"]
[Round "3"]
[White "Sacbutt"]
[Black "ArrestingPieces"]
[Result "0-1"]
[WhiteElo "2279"]
[BlackElo "2515"]
[TimeControl "180+1"]
[EndTime "14:30:24 PDT"]
[Termination "ArrestingPieces won on time"]

1. d4 d5 2. c4 e6 3. Nc3 Be7 4. Nf3 Nf6 5. Bg5 O-O 6. e3 b6 7. Bxf6 Bxf6 8. cxd5 exd5 9. Bd3 Bb7 10. O-O c5 11. Rc1 c4 12. Bb1 g6 13. b3 cxb3 14.
Qxb3 Ba6 15. Rfd1 Bc4 16. Qa4 Qd7 17. Qxd7 Nxd7 18. e4 b5 19. Nxd5 Bxd5 20. exd5 Rfc8 21. Rc6 Bg7 22. Rdc1 Nb6 23. Bd3 Rd8 24. d6 b4 25.
Ne5 Bf8 26. Be4 Rab8 27. Rc7 Bxd6 28. Rxa7 Bxe5 29. dxe5 Nc4 30. g3 Nxe5 31. Rb1 Rd7 32. Rxd7 Nxd7 33. Rb3 Nc5 34. Re3 Rd8 35. Kg2 Rd2 36.
Bb1 Rb2 37. Re1 Na4 38. Rc1 Nc3 39. Bd3 Rxa2 40. Bc4 Rd2 41. Re1 Rd7 42. Re8+ Kg7 43. Rb8 Rd2 44. Rxb4 Nd1 45. h3 Rxf2+ 46. Kg1 Rd2 47.
Rb1 Ne3 48. Rc1 Nxc4 49. Rxc4 h5 50. h4 Kf6 51. Rc3 Kf5 52. Rb3 Kg4 53. Ra3 f5 54.
Kf1 Kh3 55. Rb3 Kg4 56. Kg1 f4 57. Kf1 fxg3 58. Ke1 Ra2 0-1

[Event "Late-Titled-Tuesday-Blitz-April-30-2024"]
[Site "Chess.com"]
[Date "2024.04.30"]
[Round "3"]
[White "DrVelja"]
[Black "IMRosen"]
[Result "1-0"]
[WhiteElo "2968"]
[BlackElo "2688"]
[TimeControl "180+1"]
[EndTime "14:30:25 PDT"]
[Termination "DrVelja won by resignation"]

1. Nf3 Nf6 2. g3 d5 3. Bg2 e6 4. O-O Be7 5. d3 b6 6. Nbd2 Bb7 7. Re1 O-O 8. e4 dxe4 9. Ng5 Nc6 10. Ngxe4 Nxe4 11. Nxe4 Qc8 12. c3 e5 13. Nd2 f6 14. d4 Bd6 15. Nc4 Rd8 16. Qh5 exd4 17. Bd5+ Kh8 18.
Be4 g6 19. Bxg6 Qd7 20. Bf5 Qg7 21. Bh6 Qg8 22. Qh4 Qf7 23. cxd4 Bb4 24. Be6 Qg6 25.
Re4 Nxd4 26. Rxd4 Rxd4 27. Qxd4 Qxh6 28. Rd1 Bc5 29. Qg4 Re8 30. Bd5 Bc8 31. Qf3 Bh3 32. Bc6 Re7 33. a3 Kg7 34. b4 Bd4 35. g4 Be5 36.
Ne3 Qg5 37. Qxh3 Kf7 38. Bd5+ Kg7 39. Nf5+ Kg6 40. Nxe7+ Kg7 41. Nf5+ Kg6 42. Qh5+ Qxh5 43. gxh5+ Kxf5 44. Bf3 Bb2 45. Kg2 Bxa3 46. b5 Bd6 47.
Re1 Be5 48. Be4+ Kg5 49. Bxh7 Kxh5 50. Be4 Kh4 51. Bc6 Kg5 52. Re4 Bd6 53. h4+ Kh5 54. Be8+ Kh6 55. Kh3 f5 56. Re6+ Kg7 57. h5 f4 58. Kg4 Bc5 59. f3 Be3 60. h6+ Kh7 61. Kh5 Bc5 62. Bg6+ Kh8 63. Re8+ 1-0

[Event "Late-Titled-Tuesday-Blitz-April-30-2024"]
[Site "Chess.com"]
[Date "2024.04.30"]
[Round "3"]
[White "Anton_Demchenko"]
[Black "GothamChess"]
[Result "1/2-1/2"]
[WhiteElo "2924"]
[BlackElo "2679"]
[TimeControl "180+1"]
[EndTime "14:30:25 PDT"]
[Termination "Game drawn by repetition"]

1. e4 e6 2. d3 b6 3. c4 Bb7 4.
Nc3 Bb4 5. Bd2 Ne7 6. a3 Bxc3 7. Bxc3 O-O 8. Qg4 Ng6 9. Nf3 f5 10. Qh5 Nf4 11. Qg5 Qxg5 12. Nxg5 h6 13. Nh3 fxe4 14. dxe4 Nxh3 15. gxh3 Bxe4 16. Rg1 Rf7 17. Be2 Nc6 18. Bh5 Re7 19. Bf6 Rf8 20. Bxe7 Nxe7 21. O-O-O d6 22. Rde1 Bf5 23. Re3 g6 24. Bg4 e5 25. Rf3 Kf7 26.
b4 Kf6 27. Kd2 h5 28. Kc3 c6 29. a4 hxg4 30. hxg4 e4 31. Rh3 Be6 32. f3 Ke5 33.
fxe4 Rf4 34. Rh7 Rxe4 35. Rxe7 Rxc4+ 36. Kd2 Kf6 37. Rxa7 Rxb4 38. g5+ Ke5 39. Re1+ Kd5 40. a5 bxa5 41. Rxa5+ c5 42. Ra6 Rb2+ 43. Kc1 Rxh2 44. Rd1+ Kc4 45. Rdxd6 Bf5 46. Rac6 Kb4 47. Rd8 c4 48.
Rd4 Bd3 49. Rxd3 cxd3 50. Kd1 Kb3 51. Rxg6 Kc3 52. Rc6+ Kd4 53. g6 Rg2 54. Rd6+ Ke4 55. Re6+ Kd5 56. Re3 Kd4 57. Re6 Kd5 58. Re3 Kd4 59.
Re6 Kc3 60. Rc6+ Kd4 61. Rd6+ Ke4 62. Re6+ Kd5 1/2-1/2

[Event "Late-Titled-Tuesday-Blitz-April-30-2024"]
[Site "Chess.com"]
[Date "2024.04.30"]
[Round "3"]
[White "pedroholly22"]
[Black "dasatcu90"]
[Result "0-1"]
[WhiteElo "2463"]
[BlackElo "2222"]
[TimeControl "180+1"]
[EndTime "14:30:25 PDT"]
[Termination "dasatcu90 won by resignation"]

1. e4 c6 2. d4 d5 3. e5 Bf5 4.
h4 h5 5. Bd3 Bxd3 6. Qxd3 e6 7.
Nd2 c5 8. Ngf3 cxd4 9. Nxd4 Nc6 10. N2f3 Qb6 11. O-O Bc5 12. Be3 Nge7 13. c3 Nxd4 14. Nxd4 Bxd4 15. Bxd4 Qc6 16. f4 Nf5 17. Bf2 g6 18.
Rac1 O-O 19. Rfd1 b5 20. b3 Rfc8 21. Rc2 a5 22. Rdc1 a4 23. c4 axb3 24. axb3 dxc4 25. bxc4 b4 26. Rb1 Rcb8 27. Rcb2 Ra4 28. Kh2 Kg7 29.
Be1 b3 30. Rxb3 Rxb3 31. Rxb3 Qxc4 32. Qxc4 Rxc4 33. g3 Rc2+ 34. Kg1 Nd4 35. Rd3 Ne2+ 36. Kf1 Nc1 37. Rd8 Nb3 38. Bb4 Nc5 39. Rc8 Rc1+ 40. Ke2 Nb3 41. Rb8 Nd4+ 42. Kd3 Nc6 43. Bf8+ Kh7 44. Ra8 Rd1+ 45. Kc4 Rd8 46. Rxd8 Nxd8 47. Be7 Nc6 48. Bd6 Kg8 49. Kc5 Na5 50. Kb4 Nc6+ 51. Kc4 Na5+ 52. Kc3 Nc6 53. Bc7 Ne7 54. Bb6 Nd5+ 55.
Kd4 Nxb6 56. Ke4 Nd5 57. Kf3 Kf8 58. g4 hxg4+ 59. Kxg4 Kg7 60. h5 gxh5+ 61. Kxh5 Nxf4+ 0-1

[Event "Late-Titled-Tuesday-Blitz-April-30-2024"]
[Site "Chess.com"]
[Date "2024.04.30"]
[Round "3"]
[White "slidingknight2775"]
[Black "vugarrasulov"]
[Result "0-1"]
[WhiteElo "2629"]
[BlackElo "2970"]
[TimeControl "180+1"]
[EndTime "14:30:27 PDT"]
[Termination "vugarrasulov won by resignation"]

1. c4 e5 2. Nc3 Nc6 3. Nf3 f5 4. g3 Nf6 5. d4 e4 6. Nh4 Be7 7. Nxf5 O-O 8. Nxe7+ Qxe7 9. Bg2 d6 10. O-O h6 11. h3 Bf5 12. Be3 Rae8 13. Rc1 Qd7 14. Kh2 Kh7 15. Qd2 Ne7 16. f3 exf3 17. exf3 d5 18.
g4 Bg6 19. c5 Nc6 20. Rce1 b6 21. Bf2 bxc5 22. dxc5 d4 23. Ne2 Rd8 24. Nf4 Bf7 25. h4 Kg8 26. b3 Nd5 27. Nxd5 Bxd5 28. Bg3 Rde8 29. Rxe8 Rxe8 30. Re1 Rf8 31. Rf1 Qe7 32. b4 a6 33. a4 Rb8 34. Rb1 Qf6 35. b5 axb5 36. axb5 Ne5 37. Bxe5 Qxe5+ 38. f4 Qe6 39. Bxd5 Qxd5 40. Rd1 Qxc5 41. Qxd4 Qe7 42. Kg3 Kh8 43. h5 Ra8 44. Rd3 Qe1+ 45. Qf2 Qb4 46. Qd2 Qe7 47. Qe3 Qf7 48. Qd2 Qf6 49. Qc3 Qb6 50. Qd2 Rf8 51.
Qe3 Qxb5 52. f5 Qc6 53. Qf3 Qf6 54. Rc3 c5 55. Rd3 c4 56. Rc3 Qe5+ 57. Kh3 Rd8 58. Qe3 Qxc3 59. Qxc3 Rd3+ 60. Qxd3 cxd3 61. Kg2 d2 0-1

[Event "Late-Titled-Tuesday-Blitz-April-30-2024"]
[Site "Chess.com"]
[Date "2024.04.30"]
[Round "3"]
[White "Perecke"]
[Black "pirulillo"]
[Result "1-0"]
[WhiteElo "2566"]
[BlackElo "2315"]
[TimeControl "180+1"]
[EndTime "14:30:27 PDT"]
[Termination "Perecke won by resignation"]

1. e4 c5 2. Nf3 e6 3. d4 cxd4 4. Nxd4 Nf6 5. Nc3 Nc6 6. a3 d6 7. Be3 Be7 8. Be2 O-O 9. O-O a6 10. f4 e5 11. Nxc6 bxc6 12. f5 d5 13. exd5 cxd5 14. Bf3 Bb7 15. Bf2 Qd7 16. Bg3 e4 17. Be2 d4 18. Na2 Rfd8 19. Kh1 Rac8 20. h3 a5 21. Kh2 Qc6 22. Rc1 Qd5 23. Ra1 Bd6 24. Bxd6 Qxd6+ 25. Kh1 Qg3 26. Nc1 d3 27. cxd3 exd3 28.
Bf3 d2 29. Bxb7 dxc1=Q 30. Rxc1 Rb8 31. Qf3 Qe5 32. Rc2 h6 33. Rfc1 Rd7 34. Bc6 Rc7 35. b3 Rbc8 36. b4 axb4 37. axb4 Nd5 38. b5 Nb4 39. Rc5 Qb2 40. Qc3 Qxc3 41. R1xc3 Nxc6 42. Rxc6 Rxc6 43. Rxc6 Rb8 44. b6 Kh7 45. g4 g6 46.
f6 g5 47. Kg2 Kg6 48. Kf3 h5 49. Ke4 hxg4 50. hxg4 Re8+ 51. Kd5 Re1 52. b7 Rb1 53. Rc7 Kxf6 54. Kc6 Kg6 55. Rc8 f5 56. gxf5+ Kxf5 57. b8=Q Rxb8 58. Rxb8 g4 59. Kd5 Kf4 60. Kd4 g3 61. Rf8+ Kg4 62. Ke3 Kh3 63. Rg8 Kg2 64.
Ke2 Kh2 65. Kf1 Kh3 66. Rh8+ Kg4 67. Kg2 1-0

[Event "Late-Titled-Tuesday-Blitz-April-30-2024"]
[Site "Chess.com"]
[Date "2024.04.30"]
[Round "3"]
[White "GiorgianBarbosa"]
[Black "GolfBeforeChess"]
[Result "0-1"]
[WhiteElo "2521"]
[BlackElo "2325"]
[TimeControl "180+1"]
[EndTime "14:30:27 PDT"]
[Termination "GolfBeforeChess won on time"]

1. c3 Nf6 2. d4 b6 3. Nf3 Bb7 4. g3 c5 5. Bg2 g6 6. O-O Bg7 7.
dxc5 bxc5 8. Nfd2 Bxg2 9. Kxg2 O-O 10. e4 d6 11. Qe2 Nc6 12. Nc4 Nd7 13. a4 Rb8 14.
Nba3 Nde5 15. h4 Nxc4 16. Nxc4 Ne5 17. Nxe5 Bxe5 18. Bh6 Re8 19. h5 Qb6 20. Rab1 Qb7 21. Rh1 d5 22. hxg6 fxg6 23. Qg4 Qc8 24. Qh4 Qe6 25.
Bf4 h5 26. Bxe5 Qxe5 27. exd5 Qxd5+ 28. Kh2 Rf8 29. Rhf1 Rf6 30. Rbd1 Qf7 31. Kg1 Rf8 32. Rd2 Rf3 33. Qg5 Qf5 34. Qxf5 R3xf5 35. Re2 R8f7 36. Rd1 c4 37. Rd4 Rc5 38. Ree4 Rcf5 39. f4 g5 40. Rxc4 h4 41. gxh4 gxf4 42. Kf2 f3 43. b4 e5 44. b5 Rd7 45. Rg4+ Kf7 46. Rg5 Rf6 47. Rc6 Rd2+ 48. Kf1 Rd1+ 49. Kf2 Rd2+ 50. Kf1 e4 51.
Rxf6+ Kxf6 52. Rg4 Kf5 53. Rg8 e3 54. Rf8+ Ke4 55. Re8+ Kd3 56. Rd8+ Kxc3 57. Rc8+ Kb4 58. Rc1 Rh2 59. Kg1 Rg2+ 60. Kh1 Rg4 61. Kh2 f2 62. Rb1+ Kc3 0-1